 Dungeon Crawl Stone Soup version 0.27-a0-951-gae3e1deef5 (webtiles) character file.

Game seed: 9798492438310109803

2112 spiderkeys the Covert (level 9, -1/41 HPs)
             Began as a Spriggan Enchanter on Apr 12, 2021.
             Was a Follower of Hepliaklqana.
             Slain by a wight
             ... wielding a +3 spear
              (7 damage)
             ... on level 7 of the Dungeon.
             The game lasted 00:17:38 (9222 turns).

spiderkeys the Covert (Spriggan Enchanter)          Turns: 9222, Time: 00:17:38

Health: -1/41      AC:  4    Str:  4    XL:     9   Next: 8%
Magic:  0/14       EV: 22    Int: 17    God:    Hepliaklqana [*.....]
Gold:   380        SH:  0    Dex: 18    Spells: 4/13 levels left

rFire    + . .     SeeInvis +   a - +1 dagger (venom)
rCold    . . .     Faith    .   (shield restricted)
rNeg     . . .     Spirit   +   r - +2 robe {rF+}
rPois    .         Reflect  .   (helmet restricted)
rElec    .         Harm     .   (no cloak)
rCorr    .         Rampage  .   (gloves unavailable)
Will     ++...                  (boots unavailable)
Stlth    +++++.....             e - amulet of guardian spirit
HPRegen  0.13/turn              t - ring of willpower
MPRegen  0.14/turn              (no ring)

@: very quick
A: reduced essence, very small, no large weapons, unfitting armour, see
invisible, speed 3
a: Renounce Religion, Recall Ancestor, Ancestor Identity


You were on level 7 of the Dungeon.
You worshipped Hepliaklqana.
Hepliaklqana was aware of your devotion.
You visited 2 branches of the dungeon, and saw 8 of its levels.

You collected 380 gold pieces.

Inventory:

Hand Weapons
 a - a +1 dagger of venom (weapon)
 y - a +0 vorpal spear
Missiles
 f - 5 poisoned darts
 v - 2 throwing nets
Armour
 r - a +2 robe of fire resistance (worn)
Jewellery
 e - an amulet of guardian spirit (around neck)
 t - a ring of willpower (left hand)
Wands
 h - a wand of iceblast (15)
 m - a wand of mindburst (3)
 p - a wand of random effects (8)
 w - a wand of polymorph (18)
Scrolls
 c - 2 scrolls of brand weapon
 d - 3 scrolls of amnesia
 k - 3 scrolls of teleportation
Potions
 g - 3 potions of heal wounds
 i - 3 potions of invisibility
 j - a potion of curing
 l - 2 potions of ambrosia
 o - a potion of magic {unknown}
 q - a potion of flight {unknown}
 u - a potion of cancellation {unknown}


   Skills:
 + Level 4.6 Fighting
 + Level 6.3 Short Blades
 + Level 8.0 Dodging
 + Level 10.0 Stealth
 - Level 2.6 Spellcasting
 - Level 5.0 Hexes


You had 4 spell levels left.
You knew the following spells:

 Your Spells              Type           Power      Damage    Failure   Level
a - Corona                Hex            21%        N/A       2%          1
b - Ensorcelled Hibernat  Hex/Ice        20%        N/A       10%         2
c - Confusing Touch       Hex            19%        N/A       7%          3
d - Tukima's Dance        Hex            19%        N/A       7%          3

Your spell library contained the following spells:

 Spells                   Type           Power      Damage    Failure   Level
 Slow                     Hex            19%        N/A       3%          2
 Animate Skeleton         Necr           4%         N/A       19%         1
 Pain                     Necr           8%         1d4       19%         1
 Dazzling Flash           Conj/Hex       20%        N/A       19%         3
 Inner Flame              Hex/Fire       10%        N/A       19%         3
 Portal Projectile        Hex/Tloc       20%        N/A       19%         3
 Cause Fear               Hex            9%         N/A       22%         4
 Vampiric Draining        Necr           1%         2d6       47%         3
 Leda's Liquefaction      Hex/Erth       5%         N/A       54%         4
 Animate Dead             Necr           1%         N/A       87%         4
 Agony                    Necr           2%         N/A       99%         5


Dungeon Overview and Level Annotations

Branches:
Dungeon (7/15)             Temple (1/1) D:5

Altars:
Ashenzari
Cheibriados
Dithmenos
Fedhas
Gozag
Hepliaklqana
Kikubaaqudgha
Nemelex Xobeh
Okawaru
Qazlal
Ru
Sif Muna
Trog
Uskayaw
Wu Jian
Xom
Yredelemnul
Zin
The Shining One


Innate Abilities, Weirdness & Mutations

Your life essence is reduced to manifest your ancestor. (-10% HP)
You are very small and have problems with some larger weapons.
You are too small for most types of armour.
You have supernaturally acute eyesight. (SInv)
You cover ground extremely quickly. (Speed+++)


Message History

You hit the killer bee.
The killer bee is poisoned.
The killer bee is heavily wounded.
You feel sick.
Wibble closely misses the killer bee.
You catch the helpless killer bee completely off-guard!
You impale the killer bee!!
You kill the killer bee!
You feel sick.
You feel sick.
Casting: Confusing Touch (dangerous; 7% risk of failure)
Confirm with . or Enter, or press ? or * to list all spells.
Aiming: Tukima's Dance (dangerous; 7% risk of failure)
Press: ? - help, Shift-Dir - straight line, f - wight
Aim: a wight, wielding a +0 falchion and wearing a +0 robe (ally target, chance to affect: 57%) Wibble's hands twitch.
You feel sick.
Wibble hits the wight.
Wibble hits the wight but does no damage.
You see here a bullfrog corpse.
You feel sick.
You feel sick.
Wibble hits the wight.
You feel sick.
You are no longer poisoned.
You see here 21 stones.
Casting: Tukima's Dance (dangerous; 7% risk of failure)
Confirm with . or Enter, or press ? or * to list all spells.
Aiming: Tukima's Dance (dangerous; 7% risk of failure)
Press: ? - help, Shift-Dir - straight line, f/p - wight
Aim: a wight, wielding a +0 falchion and wearing a +0 robe (heavily damaged, ally target, chance to affect: 57%)
The +0 falchion dances into the air!
Casting: Tukima's Dance (dangerous; 7% risk of failure)
Confirm with . or Enter, or press ? or * to list all spells.
Okay, then.
You see here a +0 battleaxe.
A wight comes into view. It is wielding a +3 spear.
Wibble hits the wight.
The wight hits Wibble.
Wibble barely misses the wight.
The wight hits you from afar with a +3 spear.
* * * LOW HITPOINT WARNING * * *
The wight closely misses Wibble.
Wibble hits the wight.
Your +0 falchion hits the wight but does no damage.
The wight hits you from afar with a +3 spear!
You die...

#...# #.#......#>##.##.#
#....#.#.#....#.#.(##.#
#......(...(#..†###.#
#.##...#........#...#
#.##...#........#.###
...........†.....#
###[.#..z...<[..##
##.............#
#......@.†..).##
###.#....R..(...######
#.......z(...........#####
#.......)................#
#......[........##########
#################


You could see the friendly Wibble the ancestor, 2 wights and a friendly +0
falchion.

Vanquished Creatures
  Pikel (D:6)
  A black bear (D:7)
  A lemure (D:6)
  A phantom (D:5)
  A gnoll sergeant (D:6)
  2 scorpions (D:6)
  A wyvern skeleton (D:5)
  4 killer bees
  2 wights (D:6)
  A bullfrog zombie (D:5)
  2 hounds (D:6)
  A jelly (D:5)
  A gnoll shaman (D:5)
  An orc priest (D:7)
  Terence (D:3)
  4 iguanas
  A hound zombie (D:5)
  Robin (D:3)
  8 gnolls
  A howler monkey skeleton (D:7)
  7 adders
  A worm (D:3)
  3 dart slugs
  12 orcs
  4 ball pythons
  6 bats
  4 endoplasms
  3 giant cockroaches
  12 goblins
  7 hobgoblins
  11 jackals
  3 quokkas
  4 kobolds (D:1)
  8 rats
121 creatures vanquished.

Vanquished Creatures (collateral kills)
  A bullfrog (D:7)
  A scorpion (D:6)
  2 killer bees (D:7)
  3 wights
  A gnoll shaman (D:5)
  An iguana (D:5)
  An orc wizard (D:5)
  4 gnolls
  An ufetubus (D:6)
  3 orcs
18 creatures vanquished.

Vanquished Creatures (others)
  7 ancestors
  3 plants (D:5)
10 creatures vanquished.

Grand Total: 149 creatures vanquished

Notes
Turn   | Place    | Note
-------+----------+-------------------------------------------
     0 | D:1      | spiderkeys the Spriggan Enchanter began the quest for the
                  | Orb.
     0 | D:1      | Reached XP level 1. HP: 9/9 MP: 5/5
   375 | D:1      | Reached XP level 2. HP: 4/14 MP: 6/6
  1036 | D:1      | Learned a level 2 spell: Ensorcelled Hibernation
  1146 | D:2      | Reached XP level 3. HP: 8/17 MP: 2/8
  1337 | D:2      | Found a faded altar of an unknown god.
  1771 | D:2      | Reached skill level 1 in Fighting
  1771 | D:2      | Reached skill level 5 in Stealth
  2283 | D:3      | Reached XP level 4. HP: 22/22 MP: 9/9
  2331 | D:3      | Noticed Terence
  2337 | D:3      | Killed Terence
  2673 | D:3      | Noticed Robin
  2677 | D:3      | Killed Robin
  2955 | D:3      | Reached XP level 5. HP: 25/25 MP: 10/10
  4618 | D:5      | Entered Level 5 of the Dungeon
  4618 | D:5      | Found a staircase to the Ecumenical Temple.
  4624 | Temple   | Entered the Ecumenical Temple
  4834 | Temple   | Became a worshipper of Hepliaklqana the Forgotten
  4867 | D:5      | Reached skill level 6 in Stealth
  4951 | D:5      | Reached XP level 6. HP: 8/27 MP: 3/11
  5180 | D:5      | Found a shadowy altar of Dithmenos.
  5555 | D:5      | Reached skill level 5 in Hexes
  5859 | D:5      | Reached skill level 5 in Dodging
  5942 | D:5      | Reached skill level 7 in Stealth
  5942 | D:5      | Reached XP level 7. HP: 10/31 MP: 2/12
  6916 | D:5      | Found a shimmering blue altar of Sif Muna.
  7210 | D:6      | Noticed Pikel
  7520 | D:6      | Found an iron altar of Okawaru.
  7553 | D:6      | Killed Pikel
  7554 | D:6      | Reached skill level 5 in Short Blades
  7554 | D:6      | Reached skill level 8 in Stealth
  7554 | D:6      | Reached XP level 8. HP: 15/37 MP: 8/13
  7819 | D:6      | Reached skill level 9 in Stealth
  8229 | D:6      | Reached * piety under Hepliaklqana
  8727 | D:7      | Learned a level 3 spell: Confusing Touch
  8731 | D:7      | Learned a level 3 spell: Tukima's Dance
  9069 | D:7      | Reached XP level 9. HP: 18/41 MP: 8/14
  9142 | D:7      | Reached skill level 10 in Stealth
  9222 | D:7      | Slain by a wight

Illustrated notes

Levels and vault maps discovered:
D:1:      onia_arrival_handbag, layout_rooms
D:2:      layout_basic, hellmonk_ecumenical_altar_lost_god
D:3:      layout_loops_ring, uniq_robin, uniq_terence
D:4:      layout_basic
D:5:      layout_basic, nicolae_dithmenos_shadow_blocks, amcnicky_altar_gilded,
          minmay_temple_entry_overgrown, small_statue_alley_b,
          kennysheep_generic_room_12
D:6:      layout_rooms, lemuel_doored_altar, st_stairs_13, uniq_pikel
D:7:      layout_rooms, grunt_decor_resistance
Temple:   lightli_temple_of_artemis

Skill      XL: |  1  2  3  4  5  6  7  8  9 |
---------------+----------------------------+-----
Dodging        | 3 4 5 6 7 8 |  8.0
Hexes          | 4 5 |  5.0
Fighting       | 1 2 3 4 |  4.6
Stealth        | 5 6 7 8 9 10 | 10.0
Short Blades   | 2 3 5 6 |  6.3
Spellcasting   | |  2.6

Action                   |  1- 3 |  4- 6 |  7- 9 || total
-------------------------+-------+-------+-------++-------
Melee: Dagger            |   179 |   186 |   135 ||   500
       Spear             |       |       |    66 ||    66
Throw: Dart              |       |     6 |     7 ||    13
 Cast: Corona            |    22 |     2 |       ||    24
       Ensorcelled Hiber |     1 |    17 |    13 ||    31
       Tukima's Dance    |       |       |     6 ||     6
       Confusing Touch   |       |       |     1 ||     1
Invok: Recall Ancestor   |       |     5 |     7 ||    12
       Ancestor Identity |       |     1 |       ||     1
Evoke: Wand              |       |       |     9 ||     9
  Use: Scroll            |     7 |     3 |     2 ||    12
       Potion            |       |     1 |     1 ||     2
 Stab: Sleeping          |    16 |    13 |     5 ||    34
       Distracted        |       |     3 |     1 ||     4
       Confused          |       |       |     1 ||     1
Armor: Robe              |    29 |     8 |    12 ||    49
Dodge: Dodged            |   150 |   135 |   156 ||   441

Table legend: (Time is in decaauts)
 A = Elapsed time spent in this place.
 B = Non-inter-level travel time spent in this place.
 C = Inter-level travel time spent in this place.
 D = Time resting spent in this place.
 E = Time spent auto-exploring this place.
 F = Levels seen in this place.
 G = Mean time per level.
                   A        B        C        D        E       F      G
               +--------+--------+--------+--------+--------+-----+--------+
         Total |   7426 |   7284 |    142 |    796 |   5098 |   8 |  928.2 |
       Dungeon |   7262 |   7132 |    130 |    774 |   5008 |   7 | 1037.4 |
        Temple |    164 |    153 |     11 |     22 |     89 |   1 |  164.0 |
               +--------+--------+--------+--------+--------+-----+--------+

Top non-repeatable levels by time:
     D:5: 2119 daAuts
     D:4: 1046 daAuts
     D:6: 1016 daAuts
     D:2: 983 daAuts
     D:3: 956 daAuts
     D:1: 855 daAuts
     D:7: 284 daAuts
  Temple: 164 daAuts
